Map: White Rabbit LE

Players

micola - Winner!

  • Race: Terran Terran
  • League: Silver
  • Spawn Location: 7:00

Oren

  • Race: Zerg Zerg
  • League: Silver
  • Spawn Location: 1:00

VOD

Have the link to the VOD?

Description

12 pool, ez gg

Time

  • Played on: June 17, 2026, 3:58 a.m.
  • Length: 11:03
Show
View Real Time Build Order
Export as new Build Order

micola Terran - Winner!

Build Orders:  

Get SALT Encoding   

  12  0:00  SCV  
  13  0:12  SCV  
  14  0:17  Supply Depot  
  14  0:27  SCV  
  15  0:40  SCV  
  15  0:41  Barracks  
  16  0:45  Refinery  
  16  0:52  SCV  
  17  1:04  SCV  
  18  1:16  SCV  
  19  1:31  Supply Depot  
  19  1:34  Orbital Command  
  19  1:37  Barracks Reactor  
  19  1:40  Barracks  
  19  1:43  Barracks  
  19  1:57  Bunker  
  19  2:03  SCV  
  20  2:15  Marine x2  
  22  2:18  SCV  
  23  2:29  Barracks Tech Lab  
  23  2:30  Barracks Tech Lab  
  23  2:32  Marine  
  23  2:33  Marine  
  25  2:50  Marine x2  
  27  2:53  Command Center  
  27  2:55  Stimpack  
  27  2:58  Marine  
  27  3:01  Marine  
  27  3:04  SCV  
  30  3:14  Factory  
  30  3:18  Supply Depot  
  30  3:24  Supply Depot  
  30  3:31  Engineering Bay  
  30  3:39  Engineering Bay  
  30  3:41  Marine  
  30  3:44  Marine  
  32  3:48  Marine  
  32  3:49  Marine  
  34  3:59  Factory Tech Lab  
  34  4:05  Starport  
  34  4:14  SCV  
  35  4:19  Orbital Command  
  35  4:21  Marine x2  
  37  4:25  Marine  
  37  4:30  Supply Depot  
  38  4:37  Supply Depot  
  38  4:38  Marine  
  38  4:44  Orbital Command  
  39  4:48  Marine x2  
  42  4:52  SCV  
  42  4:58  Marine x2  
  44  5:05  SCV  
  45  5:08  Siege Tank  
  45  5:13  SCV  
  49  5:24  Medivac  
  49  5:28  SCV x2, Marine  
  53  5:29  Marine x3  
  57  5:43  SCV x2  
  59  5:50  Terran Infantry Weapons Level 1  
  55  6:03  Marine x3  
  42  6:04  Marine  
  42  6:08  SCV  
  42  6:09  SCV  
  45  6:16  Refinery  
  45  6:17  Refinery  
  45  6:24  Marine  
  45  6:25  Marine x3  
  44  6:31  SCV x2  
  48  6:37  Supply Depot  
  48  6:39  Supply Depot  
  48  6:41  Barracks x2  
  48  6:46  SCV x2  
  50  6:51  Marine x2  
  50  6:52  Marine x2  
  50  6:53  Siege Tank  
  57  6:55  Starport Reactor  
  57  6:58  SCV x2  
  59  7:03  Terran Infantry Armor Level 1  
  59  7:10  SCV x2  
  59  7:14  Marine  
  59  7:15  Marine x3  
  65  7:22  SCV x2  
  67  7:25  Siege Tank  
  70  7:31  Barracks Reactor  
  70  7:32  Barracks Reactor, Marine x2  
  70  7:44  Marine x2  
  68  7:46  Medivac  
  61  8:08  SCV x2, Marine x2  
  61  8:09  Marine x3  
  61  8:10  Marine x3  
  61  8:12  Siege Tank  
  69  8:26  Marine x2  
  71  8:28  Marine x4  
  71  8:29  Marine x2  
  77  8:39  SCV x2  
  79  8:44  Marine x2  
  79  8:45  Marine  
  79  8:46  Marine x3  
  79  8:47  Marine x2  
  84  9:02  Marine x2  
  86  9:03  Siege Tank, Marine  
  90  9:20  Medivac  
  90  9:21  Medivac  
  87  9:32  Marine x2  
  87  9:33  Marine x5  
  87  9:36  Marine  
  93  9:40  Siege Tank  
  93  9:41  Supply Depot  
  93  9:44  Supply Depot  
  93  9:45  Hi-Sec Auto Tracking  
  94  9:50  Marine  
  94  9:53  Marine  
  94  9:55  Marine  
  94  9:59  Marine  
  88  10:00  Marine x4  
  88  10:01  SCV  
  88  10:02  SCV  
  88  10:06  Supply Depot  
  91  10:08  Marine, Supply Depot  
  91  10:10  Medivac x2  
  75  10:26  Marine x7  
  75  10:27  Marine  
  75  10:28  Siege Tank  
  88  10:44  Marine x6  
Show
View Real Time Build Order
Export as new Build Order

Oren Zerg 

Build Orders: Pool First 

Get SALT Encoding   

  12  0:07  Drone  
  13  0:22  Overlord  
  13  0:27  Drone  
  14  0:33  Spawning Pool  
  13  0:38  Drone  
  15  0:42  Drone  
  15  0:49  Drone  
  16  0:56  Drone  
  17  1:13  Hatchery  
  17  1:17  Drone  
  17  1:18  Drone  
  17  1:23  Extractor  
  17  1:32  Queen  
  17  1:36  Drone  
  20  1:43  Drone  
  21  1:51  Zergling x2  
  22  2:02  Overlord  
  22  2:16  Overlord  
  22  2:32  Drone x2  
  22  2:33  Drone  
  22  2:35  Metabolic Boost  
  25  2:52  Zergling x4  
  25  2:53  Zergling x6  
  30  3:02  Overlord  
  30  3:03  Overlord  
  30  3:06  Queen  
  30  3:11  Baneling Nest  
  31  3:13  Drone  
  31  3:16  Drone x2  
  34  3:31  Hatchery  
  33  3:35  Drone x3  
  36  3:46  Drone x4  
  40  3:50  Lair  
  40  3:57  Roach Warren  
  40  3:58  Drone  
  40  4:04  Evolution Chamber  
  40  4:08  Evolution Chamber  
  38  4:12  Drone x2  
  38  4:14  Drone x3  
  43  4:26  Drone x2  
  43  4:27  Drone x4  
  49  4:33  Extractor  
  49  4:38  Drone x2  
  50  4:52  Zerg Missile Weapons Level 1  
  50  4:58  Zerg Ground Armor Level 1  
  50  5:00  Overlord x3  
  50  5:01  Overlord  
  50  5:14  Queen  
  52  5:23  Zergling x4  
  52  5:24  Zergling x8  
  52  5:25  Zergling x10  
  52  5:26  Zergling x2  
  64  5:28  Baneling x2  
  64  5:29  Baneling x4  
  64  5:30  Baneling  
  64  5:34  Drone x2  
  66  5:38  Extractor  
  66  5:40  Extractor  
  54  6:06  Zergling x2  
  54  6:07  Zergling x8  
  54  6:08  Zergling x6  
  62  6:16  Overlord  
  56  6:34  Drone x4  
  56  6:35  Drone x2  
  62  6:42  Drone x3  
  62  6:46  Zerg Melee Weapons Level 1  
  65  7:00  Zerg Ground Armor Level 2  
  65  7:04  Drone x3  
  65  7:05  Drone x4  
  65  7:06  Drone  
  73  7:25  Hydralisk Den  
  72  7:31  Infestation Pit  
  62  7:54  Zergling x2  
  62  7:55  Zergling x10  
  62  7:56  Zergling x6  
  70  8:00  Queen x2  
  65  8:25  Roach x4  
  65  8:26  Roach  
  73  8:36  Queen  
  68  9:02  Roach x6  
  52  9:38  Roach x6  
  54  9:50  Zergling x4  
  54  9:55  Queen  
  54  10:21  Hatchery  
  54  10:24  Hatchery  
  52  10:45  Zergling x4  
  52  10:46  Zergling x2  
Tags
 
Add a new tag
Caveats
  • Supply blocks, unpowered buildings, or Contaminate may cause inaccurate times.
  • Supply counts are checked every 10 seconds.